 Dungeon Crawl Stone Soup version 0.20-a0-495-g2241292 (webtiles) character file.

288 aspy the Gusty (level 6, -6/32 HPs)
             Began as a Tengu Air Elementalist on Jan 18, 2017.
             Was an Initiate of Okawaru.
             Killed by nerve-wracking pain
             ... invoked by an orc priest
              (9 damage)
             ... on level 3 of the Dungeon.
             The game lasted 00:20:28 (4903 turns).

aspy the Gusty (Tengu Air Elementalist)             Turns: 4903, Time: 00:20:29

Health: -6/32      AC:  2    Str:  8    XL:     6   Next: 31%
Magic:  0/3        EV: 13    Int: 18    God:    Okawaru [......]
Gold:   191        SH:  0    Dex: 14    Spells: 2/10 levels left

rFire    . . .     SeeInvis .   b - +5 demon whip "Spellbinder" {antimagic, MR+}
rCold    . . .     Gourm    .   d - +0 robe
rNeg     . . .     Faith    .   (no shield)
rPois    .         Spirit   .   (helmet restricted)
rElec    .         Reflect  .   (no cloak)
rCorr    .         Harm     .   (no gloves)
MR       +....                  (boots unavailable)
Stlth    ++........             (no amulet)
Regen    0.1/turn               (no ring)
                                (no ring)

@: about to teleport, repel missiles
A: beak, talons 3, able to fly 1
a: Fly, Renounce Religion


You were on level 3 of the Dungeon.
You worshipped Okawaru.
Okawaru was noncommittal.
You were not hungry.

You visited 1 branch of the dungeon, and saw 4 of its levels.

You collected 191 gold pieces.

Inventory:

Hand Weapons
 a - a +2 whip of freezing
 b - the +5 demon whip "Spellbinder" (weapon) {antimagic, MR+}
   (You found it on level 4 of the Dungeon)

   It reduces the magical energy of the wielder, and disrupts the spells and
   magical abilities of those hit.
   Natural abilities and divine invocations are not affected.
   It affects your resistance to hostile enchantments.
Missiles
 p - 186 stones (quivered)
Armour
 d - a +0 robe (worn)
Wands
 c - a wand of flame (21/48)
Scrolls
 f - a scroll of teleportation
 g - a scroll of recharging
 i - a scroll of noise {unknown}
 k - a scroll of remove curse
 n - 3 scrolls of identify {unknown}
 r - a scroll of random uselessness {unknown}
 s - a scroll of magic mapping
Potions
 e - a potion of brilliance {unknown}
 j - 2 potions of curing
 q - a potion of heal wounds {unknown}
 t - 2 potions of ambrosia {unknown}
 v - a potion of magic {unknown}
Books
 o - a book of Air

   Spells                             Type                      Level
   a - Shock                          Conjuration/Air              1
   b - Swiftness                      Charms/Air                   2
   c - Repel Missiles                 Charms/Air                   2
   d - Static Discharge               Conjuration/Air              3
   e - Lightning Bolt                 Conjuration/Air              5
Comestibles
 h - a beef jerky
 l - 2 meat rations
 m - a bread ration
 u - a royal jelly


   Skills:
 * Level 3.2 Maces & Flails
 + Level 3.2 Dodging
 - Level 2.0 Stealth
 - Level 2.8 Spellcasting
 - Level 3.7 Conjurations
 - Level 5.6 Air Magic


You had 2 spell levels left.
You knew the following spells:

 Your Spells              Type           Power        Failure   Level  Hunger
a - Static Discharge      Conj/Air       ###.....     10%         3    ###....
e - Swiftness             Chrm/Air       ##......     10%         2    ##.....
m - Repel Missiles        Chrm/Air       ##....       10%         2    ##.....
z - Shock                 Conj/Air       ###.         2%          1    None


Dungeon Overview and Level Annotations

Branches:
Dungeon (4/15)
 Temple: D:4-7

Altars:
Okawaru

Shops:
D:4 *

Annotations:
D:3 Terence; dobroeutro's ghost, amateur GrFi
D:4 1 runed door, exclusions: door and ogre, Sigmund


Innate Abilities, Weirdness & Mutations

You have a beak for a mouth.
You have claws for feet.
You can fly.


Message History

The magic dart hits you!
* * * LOW HITPOINT WARNING * * *
The orc priest barely misses you.
You climb upwards.
Level annotation: Terence; dobroeutro's ghost, amateur GrFi
There is a stone staircase leading down here.
Terence shouts!
You hit the orc priest. Your kick misses the orc priest.
The orc priest is moderately wounded.
Something hits you.
* * * LOW HITPOINT WARNING * * *
The orc priest misses you.
As you read the scroll of teleportation, it crumbles to dust.
You feel strangely unstable. Something hits you.
* * * LOW HITPOINT WARNING * * *
The orc priest calls down the wrath of Beogh upon you.
You resist with some effort.
The orc priest mumbles some strange prayers to Beogh against you.
Pain shoots through your body!
You die...

#...............#########
#......<.....##** #...
#..........#.# ##.##
##....@....#.# ######..##
#......g...#.# #.........
#..........#.# #.......<.
#.....>....#.# #.........
#.....o....#)##########..
#.......@..#.##.........#
##........##....#########
##............##
#######......# #......#
#......# ########


You could see Terence, an orc priest and a goblin.

Vanquished Creatures
  A howler monkey (D:4)
  3 orc wizards (D:4)
  An orc priest (D:3)
  2 howler monkey skeletons (D:4)
  5 adders (D:2)
  An ooze (D:2)
  2 leopard geckos
  4 orcs
  6 bats
  3 giant cockroaches
  A goblin (D:3)
  6 hobgoblins
  2 jackals (D:2)
  3 quokkas
  6 frilled lizards
  16 kobolds
  3 rats (D:1)
65 creatures vanquished.

Vanquished Creatures (others)
  A centaur skeleton (D:4)
1 creature vanquished.

Grand Total: 66 creatures vanquished

Notes
Turn   | Place    | Note
-------+----------+-------------------------------------------
     0 | D:1      | aspy the Tengu Air Elementalist began the quest for the Orb.
     0 | D:1      | Reached XP level 1. HP: 10/10 MP: 4/4
   517 | D:1      | Reached XP level 2. HP: 15/15 MP: 1/6
  1442 | D:2      | Reached XP level 3. HP: 11/19 MP: 0/7
  1446 | D:2      | Learned a level 2 spell: Swiftness
  1449 | D:2      | Learned a level 2 spell: Repel Missiles
  1940 | D:2      | Reached skill level 5 in Air Magic
  2191 | D:2      | Reached XP level 4. HP: 5/24 MP: 4/8
  2455 | D:2      | Found a faded altar of an unknown god.
  2976 | D:3      | Noticed dobroeutro's ghost (amateur GrFi)
  3264 | D:3      | Noticed Terence
  3351 | D:3      | Found an iron altar of Okawaru.
  3360 | D:3      | Became a worshipper of Warmaster Okawaru
  3695 | D:3      | Gained mutation: You can fly. [Tengu growth]
  3695 | D:3      | Reached XP level 5. HP: 28/28 MP: 2/10
  3700 | D:3      | Learned a level 3 spell: Static Discharge
  3841 | D:4      | Reached skill level 1 in Maces & Flails
  3852 | D:4      | Noticed Sigmund
  4053 | D:4      | Found a runed door.
  4125 | D:4      | Noticed an ogre
  4157 | D:4      | Reached XP level 6. HP: 26/32 MP: 7/11
  4487 | D:4      | Found Eteh's General Store.
  4903 | D:3      | Killed from afar by an orc priest

Vault maps used:
D:1:      sevenhm_arrival_forest_fort_large_4
D:2:      chequers_ecumenical_altar_simple
D:3:      okawaru_ov_weapons_minmay, uniq_terence
D:4:      kennysheep_kobold_camp, serial_shops, nicolae_shop_crystal,
          minmay_misc_feat_hallway, serial_bayou_ford_a, uniq_sigmund,
          uniq_crazy_yiuf_cottage

Skill      XL: |  1  2  3  4  5  6 |
---------------+-------------------+-----
Conjurations   | 2 3 |  3.7
Air Magic      | 5 |  5.6
Maces & Flails | 2 3 |  3.2
Dodging        | 3 |  3.2
Stealth        | |  2.0
Spellcasting   | |  2.8

Action                   |  1- 3 |  4- 6 || total
-------------------------+-------+-------++-------
Melee: Short sword       |    18 |       ||    18
       Unarmed           |     2 |       ||     2
       Kick              |     2 |    12 ||    14
       Whip              |       |    53 ||    53
       Peck              |       |    14 ||    14
       Demon whip        |       |    22 ||    22
 Fire: Hunting sling     |    14 |       ||    14
 Cast: Shock             |    38 |    29 ||    67
       Swiftness         |     2 |     2 ||     4
       Repel Missiles    |     1 |       ||     1
       Static Discharge  |       |     2 ||     2
  Use: Scroll            |     3 |     4 ||     7
       Potion            |       |     3 ||     3
 Stab: Sleeping          |     7 |     2 ||     9
  Eat: Chunk             |     5 |     2 ||     7
       Bread ration      |       |     2 ||     2
Armor: Robe              |     6 |    19 ||    25
Dodge: Dodged            |    26 |    66 ||    92
